 Dungeon Crawl Stone Soup version 0.30.0-20-g3615ddf2f0 (webtiles) character file.

Game seed: 9337066463426389925

354 qw the Chopper (level 6, -4/38 HPs)
             Began as a Gargoyle Fighter on May 28, 2023.
             Slain by an ogre
             ... wielding a +0 giant spiked club
              (27 damage)
             ... on level 5 of the Dungeon.
             The game lasted 00:01:34 (3296 turns).

qw the Chopper (Gargoyle Fighter)                   Turns: 3296, Time: 00:01:34

Health: -4/38      AC: 14    Str: 25    XL:     6   Next: 63%
Magic:  6/6        EV: 10    Int:  9    God:
Gold:   95         SH:  4    Dex:  9    Spells: 5/5 levels left

rFire   + . .        Y - +2 war axe
rCold   . . .        c - +0 buckler
rNeg    + . .        f - +3 ring mail "Risk" {rElec rF+ Str+4}
rPois   inf          o - +0 helmet
rElec   +            (no cloak)
rCorr   .            (no gloves)
SInv    .            (no boots)
Will    .....        (no amulet) Stlth
                     (no ring)
HPRegen 0.26/turn    (no ring)
MPRegen 0.10/turn

%: no passive effects
@: no status effects
A: sickness immunity, AC +4, negative energy resistance 1, electricity
resistance, torment resistance 1, petrification resistance
a: no special abilities


You were on level 5 of the Dungeon.
You visited 1 branch of the dungeon, and saw 5 of its levels.

You collected 147 gold pieces.
You spent 52 gold pieces at shops.


Innate Abilities, Weirdness & Mutations

You are immune to sickness and miasma.
Your stone body is resilient. (AC +4)
You are immune to poison.
You resist negative energy. (rN+)
You are resistant to electric shocks. (rElec)
You are resistant to unholy torment.
You are immune to petrification.


   Skills:
 - Level 4.1 Fighting
 + Level 5.5 Axes
 - Level 1.0 Throwing
 - Level 3.2 Armour
 - Level 1.0 Dodging
 - Level 3.2 Shields


You had 5 spell levels left.
You didn't know any spells.
Your spell library was empty.

Inventory:

Hand Weapons
 k - a +2 vampiric whip
 Y - a +2 war axe (weapon)
Missiles
 a - 2 boomerangs
 h - a silver javelin (quivered)
Armour
 c - a +0 buckler (worn)
 f - the +3 ring mail "Risk" (worn) {rElec rF+ Str+4}
   (You found it on level 3 of the Dungeon)

   Str:       It affects your strength (+4).
   rF:        It protects you from fire.
   rElec:     It insulates you from electricity.
 n - a +0 chain mail
 o - a +0 helmet (worn)
Jewellery
 e - a ring of ice
Scrolls
 g - a scroll of identify
Potions
 b - a potion of mutation {unknown}
 d - 2 potions of might
 i - a potion of heal wounds {unknown}
 j - a potion of haste
 m - a potion of curing
 p - a potion of attraction {unknown}
 q - a potion of cancellation {unknown}

Dungeon Overview and Level Annotations

Branches:
Dungeon (5/15)
 Temple: D:4-7

Altars:

Shops:
D:2 ?


Message History

There is a stone staircase leading up here.
There are monsters nearby!
Waypoint 4 assigned to D:5.
You throw a silver javelin.
The silver javelin barely misses the ogre.
An orc wizard comes into view. It is wielding a +0 dagger.
An orc priest comes into view. It is wielding a +0 short sword.
An orc comes into view. It is wielding a +0 dagger.
A shadow imp comes into view.
You throw a silver javelin.
The silver javelin pierces through the ogre.
The ogre is moderately wounded.
The orc wizard points at you and mumbles some strange words.
You resist with some effort.
The orc throws a boomerang.
You block the boomerang.
An orc priest comes into view. It is wielding a +0 mace.
Found a scroll of enchant weapon.
An orc wizard comes into view. It is wielding a +0 dagger.
The ogre barely misses you.
A scorpion comes into view.
You slash the ogre!
The ogre is heavily wounded.
You hit the shadow imp.
The shadow imp hits you but does no damage.
The ogre closely misses you. You block the shadow imp's attack.
You slash the ogre!
The ogre is almost dead.
You slash the shadow imp!
You kill the shadow imp!
The orc throws a boomerang.
The boomerang hits you but does no damage.
The ogre hits you with a +0 giant spiked club!
You barely miss the ogre.
The ogre is almost dead.
You hit the orc wizard.
The orc wizard gestures wildly while chanting.
The orc wizard flickers and vanishes!
Deactivating autopickup; reactivate with Ctrl-A.
The ogre hits you with a +0 giant spiked club!!
Ouch! That really hurt!
You die...

.. ... #. ..
....#. ...
....#. ..!
....# #.# #.o.
... .###.s>##.#
#
....o.{o..#.?..
....oo.@...#
.....$O###...#
......( ....
...###( .## ..
## # .


You could see an ogre, a scorpion, 2 orc priests, 2 orc wizards and an orc.

Vanquished Creatures
  A steam dragon (D:4)
  A hound (D:4)
  An iguana (D:4)
  Robin (D:4)
  2 adders
  A shadow imp (D:5)
  2 worms
  7 orcs (D:4)
  8 ball pythons
  12 endoplasms
  2 giant cockroaches (D:1)
  22 goblins
  11 hobgoblins
  11 jackals
  4 quokkas
  5 bats
  2 frilled lizards
  5 kobolds
  6 rats
104 creatures vanquished.

Notes
Turn   | Place    | Note
-------+----------+-------------------------------------------
     0 | D:1      | qw the Gargoyle Fighter began the quest for the Orb.
     0 | D:1      | Reached XP level 1. HP: 14/14 MP: 1/1
     0 | D:1      | 0 ||| qw: Version: 0.2-a-100-g7972860
     0 | D:1      | 0 ||| qw: Game counter: 244
     0 | D:1      | 0 ||| qw: Always use a shield: true
     0 | D:1      | 0 ||| qw: God list: Okawaru
     0 | D:1      | 0 ||| qw: Allow faded altars: false
     0 | D:1      | 0 ||| qw: Do Orc after D:15 true
     0 | D:1      | 0 ||| qw: Do second Lair branch before Depths: true
     0 | D:1      | 0 ||| qw: Lair rune preference: random
     0 | D:1      | 0 ||| qw: Plans: Normal, Zot:1-4, Slime:5, God:TSO, Crypt,
                  | Tomb, Pan, Hells, Abyss, Win
     0 | D:1      | 0 ||| PLANNING D:1-11
    33 | D:1      | HP: 3/14 [hobgoblin (2)]
    44 | D:1      | Reached skill level 2 in Axes
   147 | D:1      | 147 ||| Stepping ~*~*~tactically~*~*~ (hiding).
   148 | D:1      | 148 ||| Stepping ~*~*~tactically~*~*~ (hiding).
   149 | D:1      | 149 ||| Stepping ~*~*~tactically~*~*~ (stealth).
   153 | D:1      | Reached XP level 2. HP: 19/19 MP: 2/2
   222 | D:1      | 222 ||| Stepping ~*~*~tactically~*~*~ (stealth).
   253 | D:1      | Reached skill level 3 in Axes
   282 | D:1      | Reached XP level 3. HP: 21/23 MP: 3/3
   407 | D:1      | Reached skill level 1 in Throwing
   694 | D:1      | 694 ||| READING 2 scrolls labelled CEROK CURGH.
   695 | D:1      | 695 ||| READING 2 scrolls labelled BASARA WASIDDO.
   696 | D:1      | 696 ||| READING scroll labelled HESCHU NYAB.
   697 | D:1      | 697 ||| DROPPING scroll of immolation.
   837 | D:2      | 837 ||| Stepping ~*~*~tactically~*~*~ (hiding).
  1120 | D:2      | 1120 ||| Stepping ~*~*~tactically~*~*~ (stealth).
  1129 | D:2      | Reached XP level 4. HP: 24/28 MP: 4/4
  1406 | D:2      | Found Taciber's Magic Scroll Emporium.
  1409 | D:2      | 1409 ||| BUYING scroll of identify (26 gold).
  1409 | D:2      | Bought a scroll of identify for 26 gold pieces
  1409 | D:2      | 1409 ||| BUYING scroll of identify (26 gold).
  1409 | D:2      | Bought a scroll of identify for 26 gold pieces
  1409 | D:2      | 1409 ||| SHOPLISTING scroll of identify (26 gold, have 7).
  1432 | D:2      | 1432 ||| UPGRADING to +0 helmet.
  1437 | D:2      | 1437 ||| READING scroll labelled HIYKUG MULEA.
  1456 | D:2      | 1456 ||| READING scroll labelled QAEDDA INLI.
  1460 | D:2      | 1460 ||| READING scroll labelled YKIXIW PATHO.
  1461 | D:2      | 1461 ||| READING scroll labelled XAKUAL IXZOLACSAD.
  1562 | D:2      | 1562 ||| READING scroll labelled BUNLYFFYATI.
  1563 | D:2      | 1563 ||| READING 4 scrolls of identify.
  1563 | D:2      | 1563 ||| IDENTIFYING coppery potion
  1564 | D:2      | 1564 ||| READING 3 scrolls of identify.
  1564 | D:2      | 1564 ||| IDENTIFYING cyan potion
  1565 | D:2      | 1565 ||| READING 2 scrolls of identify.
  1565 | D:2      | 1565 ||| IDENTIFYING clear potion
  1566 | D:2      | 1566 ||| DROPPING potion of degeneration.
  1588 | D:3      | Identified the +3 ring mail "Risk" {rElec rF+ Str+4}
  1768 | D:3      | 1768 ||| DROPPING +0 club.
  1850 | D:3      | Reached skill level 4 in Axes
  1979 | D:3      | 1979 ||| UPGRADING to +3 ring mail "Risk" {rElec rF+
                  | Str+4}.
  1989 | D:3      | 1989 ||| DROPPING +0 scale mail.
  1990 | D:3      | 1990 ||| READING scroll labelled HEGGAEMETAU.
  1991 | D:3      | 1991 ||| READING scroll labelled XULEME YTEARPH.
  1992 | D:3      | 1992 ||| READING scroll labelled JIMMOS TIN.
  2007 | D:4      | Noticed a steam dragon
  2015 | D:4      | Killed a steam dragon
  2016 | D:4      | Reached skill level 5 in Axes
  2016 | D:4      | Reached XP level 5. HP: 19/32 MP: 5/5
  2018 | D:4      | Reached XP level 6. HP: 23/37 MP: 6/6
  2018 | D:4      | 2018 ||| FLEEEEING.
  2019 | D:4      | 2019 ||| STAIRDANCE
  2074 | D:4      | 2074 ||| Stepping ~*~*~tactically~*~*~ (hiding).
  2075 | D:4      | 2075 ||| Stepping ~*~*~tactically~*~*~ (hiding).
  2076 | D:4      | 2076 ||| Stepping ~*~*~tactically~*~*~ (hiding).
  2186 | D:4      | 2186 ||| READING scroll of enchant weapon.
  2186 | D:4      | 2186 ||| ENCHANTING +1 war axe.
  2272 | D:4      | 2272 ||| Stepping ~*~*~tactically~*~*~ (stealth).
  2278 | D:4      | Noticed Robin
  2281 | D:4      | 2281 ||| Stepping ~*~*~tactically~*~*~ (hiding).
  2291 | D:4      | Reached skill level 1 in Dodging
  2301 | D:4      | Killed Robin
  2382 | D:4      | 2382 ||| Stepping ~*~*~tactically~*~*~ (stealth).
  2383 | D:4      | 2383 ||| Stepping ~*~*~tactically~*~*~ (stealth).
  2594 | D:4      | 2594 ||| FLEEEEING.
  2595 | D:4      | 2595 ||| FLEEEEING.
  2596 | D:4      | 2596 ||| FLEEEEING.
  2597 | D:4      | 2597 ||| FLEEEEING.
  2636 | D:4      | 2636 ||| Stepping ~*~*~tactically~*~*~ (hiding).
  3134 | D:4      | 3134 ||| DRINKING 2 fuming cyan potions.
  3239 | D:4      | 3239 ||| DROPPING potion of berserk rage.
  3290 | D:5      | Entered Level 5 of the Dungeon
  3296 | D:5      | Slain by an ogre

Levels and vault maps discovered:
D:1:      evilmike_arrival_crescent, layout_basic, st_stairs_10,
          minmay_misc_feat_hallway
D:2:      layout_loops_cross, serial_shops, nicolae_shop_rolled_up,
          kennysheep_generic_room_9
D:3:      layout_basic
D:4:      layout_gridville, uniq_robin
D:5:      layout_rooms, lemuel_tele_altar, serial_shops, shop,
          corexii_checkpoint_a, uniq_sigmund

Skill      XL: |  1  2  3  4  5  6 |
---------------+-------------------+-----
Axes           | 2 3 5 |  5.5
Throwing       | 1 |  1.0
Dodging        | 1 |  1.0
Fighting       | 4 |  4.1
Armour         | |  3.2
Shields        | |  3.2

Action                     |  1- 3 |  4- 6 || total
---------------------------+-------+-------++-------
  Melee: War axe           |    91 |    97 ||   188
  Throw: Javelin           |    33 |    45 ||    78
         Boomerang         |       |     2 ||     2
    Use: Scroll            |     3 |    12 ||    15
         Potion            |       |     1 ||     1
 Armour: Scale mail        |    52 |    23 ||    75
         Ring mail         |       |    27 ||    27
  Dodge: Dodged            |    45 |    52 ||    97
  Block: Buckler           |    12 |    21 ||    33

Table legend:
 A = Non-vault XP
 B = Vault XP
 C = Vault XP percentage of total XP
 D = Non-vault monster count
 E = Vault monster count
 F = Vault count percentage of total count
                 A         B        C        D         E       F
            +---------+---------+-------+---------+---------+-------
      Total |     462 |      45 |   8.9 |      86 |      18 |  17.3
            +---------+---------+-------+---------+---------+-------
        D:1 |      52 |       5 |   8.8 |      28 |       4 |  12.5
        D:2 |      50 |       2 |   3.8 |      20 |       1 |   4.8
        D:3 |      16 |       0 |   0.0 |       9 |       0 |   0.0
        D:4 |     332 |      38 |  10.3 |      28 |      13 |  31.7
        D:5 |      12 |       0 |   0.0 |       1 |       0 |   0.0
            +---------+---------+-------+---------+---------+-------
